 Dungeon Crawl Stone Soup version 0.31-a0-237-g2d982f9f85 (webtiles) character file.

Game seed: 9566110370183181043

69 qw the Shooter (level 4, 0/37 HPs)
             Began as a Minotaur Hexslinger on July 11, 2023.
             Slain by Terence
             ... wielding a +0 flail
              (6 damage)
             ... on level 3 of the Dungeon.
             The game lasted 00:00:39 (1726 turns).

qw the Shooter (Minotaur Hexslinger)                Turns: 1726, Time: 00:00:40

Health: 0/37       AC:  8    Str: 13    XL:     4   Next: 2%
Magic:  4/4        EV: 12    Int: 14    God:
Gold:   171        SH:  0    Dex: 14    Spells: 4/5 levels left

rFire   . . .        Y - +1 sling
rCold   + + .        (no shield)
rNeg    . . .        i - +1 robe of Chimes {rC++ Will- Int+4}
rPois   .            m - +1 hat
rElec   +            (no cloak)
rCorr   .            c - +2 pair of gloves {infuse}
SInv    .            f - +0 pair of boots
Will    .....        b - amulet "Pocrash" {Faith rElec}
Stlth   +            (no ring)
HPRegen 0.26/turn    (no ring)
MPRegen 0.09/turn

%: faith, infuse magic (1 MP)
@: no status effects
A: horns 2, retaliatory headbutt
a: no special abilities


You were on level 3 of the Dungeon.
You visited 1 branch of the dungeon, and saw 3 of its levels.

You collected 171 gold pieces.


Innate Abilities, Weirdness & Mutations

You have a pair of horns on your head.
You reflexively headbutt those who attack you in melee.


   Skills:
 - Level 2.4 Fighting
 + Level 4.3 Ranged Weapons
 - Level 2.1 Dodging
 - Level 1.0 Spellcasting
 - Level 2.0 Hexes


You had 4 spell levels left.
You knew the following spells:

 Your Spells              Type           Power      Damage    Failure   Level
a - Slow                  Hex            24%        N/A       12%         1

Your spell library contained the following spells:

 Spells                   Type           Power      Damage    Failure   Level
 Inner Flame              Hex/Fire       3%         N/A       45%         3
 Portal Projectile        Hex/Tloc       6%         N/A       45%         3
 Cause Fear               Hex            3%         N/A       75%         4

Inventory:

Hand Weapons
 Y - a +1 sling (weapon)
Armour
 c - a +2 pair of gloves of infusion (worn)
 d - a +0 leather armour
 f - a +0 pair of boots (worn)
 i - the +1 robe of Chimes (worn) {rC++ Will- Int+4}
   (You found it on level 2 of the Dungeon)

   Int:       It affects your intelligence (+4).
   rC:        It greatly protects you from cold.
   Will:      It decreases your willpower.
 m - a +1 hat (worn)
Jewellery
 b - the amulet "Pocrash" (around neck) {Faith rElec}
   (You took it off a hobgoblin on level 2 of the Dungeon)

   [amulet of faith]

   It allows you to gain divine favour quickly.
   rElec:     It insulates you from electricity.
Potions
 e - a potion of invisibility {unknown}
 g - a potion of curing
 h - a potion of heal wounds {unknown}
 j - a potion of haste
 l - a potion of ambrosia {unknown}

Dungeon Overview and Level Annotations

Branches:
Dungeon (3/15)

Altars:
Elyvilon

Annotations:
D:3 Terence


Message History

You shoot a sling bullet.
The sling bullet hits Terence but does no damage.
Terence is moderately wounded.
Terence misses you. Terence hits you with a +0 flail.
You shoot a sling bullet. The sling bullet barely misses Terence.
Terence completely misses you.
Terence says, "You're history."
Terence hits you with a +0 flail.
You shoot a sling bullet.
The sling bullet hits Terence but does no damage.
Terence is moderately wounded.
Terence hits you with a +0 flail. Terence barely misses you.
You shoot a sling bullet.
The sling bullet hits Terence but does no damage.
Terence is moderately wounded.
Terence barely misses you. Terence hits you with a +0 flail.
You shoot a sling bullet. The sling bullet barely misses Terence.
Terence barely misses you.
You shoot a sling bullet.
The sling bullet hits Terence but does no damage.
Terence is moderately wounded.
Terence hits you with a +0 flail. Terence barely misses you.
You furiously retaliate!
You headbutt Terence! You shoot a sling bullet.
The sling bullet barely misses Terence.
Terence hits you with a +0 flail! Terence hits you with a +0 flail.
You shoot a sling bullet.
The sling bullet hits Terence but does no damage.
Terence is almost dead.
Terence hits you but does no damage. Terence hits you with a +0 flail.
You shoot a sling bullet. The sling bullet hits Terence.
Terence is almost dead.
Terence closely misses you. x2
You shoot a sling bullet.
The sling bullet closely misses Terence.
Terence barely misses you.
You shoot a sling bullet.
The sling bullet hits Terence but does no damage.
Terence is almost dead.
Terence closely misses you. Terence hits you with a +0 flail.
You die...

#.# #.# .# #.# .#
#<# .# #%# .#
#.#####<###.####
#.........#.....
#######...@>#####.
#...@.?.....
##....######
##...... ########


You could see Terence (fast).

Vanquished Creatures
  3 adders
  A dart slug (D:3)
  5 ball pythons
  3 endoplasms (D:1)
  4 giant cockroaches (D:1)
  2 goblins
  2 hobgoblins
  7 kobolds
  A quokka (D:2)
  4 bats (D:2)
  2 frilled lizards (D:2)
  6 rats
40 creatures vanquished.

Notes
Turn   | Place    | Note
-------+----------+-------------------------------------------
     0 | D:1      | qw the Minotaur Hexslinger began the quest for the Orb.
     0 | D:1      | Reached XP level 1. HP: 16/16 MP: 1/1
     0 | D:1      | 0 ||| qw: Version: 0.3-a-52-g30416fa
     0 | D:1      | 0 ||| qw: Game counter: 5871
     0 | D:1      | 0 ||| qw: Melee chars always use a shield: true
     0 | D:1      | 0 ||| qw: God list: Okawaru
     0 | D:1      | 0 ||| qw: Allow faded altars: false
     0 | D:1      | 0 ||| qw: Do Orc after clearing Dungeon:15 true
     0 | D:1      | 0 ||| qw: Do second Lair branch before Depths: true
     0 | D:1      | 0 ||| qw: Lair rune preference: random
     0 | D:1      | 0 ||| qw: Goals: Normal
     0 | D:1      | 0 ||| PLANNING D:1-11
    89 | D:1      | You fall into a shaft and drop 1 floor!
   113 | D:2      | Found a white marble altar of Elyvilon.
   257 | D:2      | Identified the +1 robe of Chimes {rC++ Will- Int+4}
   267 | D:2      | Reached skill level 3 in Ranged Weapons
   267 | D:2      | Reached XP level 2. HP: 13/23 MP: 2/2
   367 | D:2      | Reached XP level 3. HP: 17/30 MP: 3/3
   483 | D:2      | 483 ||| UPGRADING to +0 leather armour.
   493 | D:2      | 493 ||| DROPPING +0 robe.
   494 | D:2      | 494 ||| UPGRADING to +0 pair of boots.
   499 | D:2      | 499 ||| UPGRADING to +1 robe of Chimes {rC++ Will- Int+4}.
   509 | D:2      | 509 ||| DRINKING 2 clear potions.
   510 | D:2      | 510 ||| DROPPING scroll of poison.
   616 | D:1      | Found a faded altar of an unknown god.
  1286 | D:1      | Reached skill level 4 in Ranged Weapons
  1396 | D:1      | 1396 ||| UPGRADING to +2 pair of gloves of infusion.
  1401 | D:1      | 1401 ||| UPGRADING to +1 hat.
  1406 | D:1      | 1406 ||| READING 3 scrolls labelled IRUUNOT IWEOHI.
  1407 | D:1      | 1407 ||| READING scroll labelled MOAMAH TUEGI.
  1408 | D:1      | 1408 ||| DROPPING 2 scrolls of fear.
  1427 | D:2      | Identified the amulet "Pocrash" {Faith rElec}
  1663 | D:2      | 1663 ||| UPGRADING to amulet "Pocrash" {Faith rElec}.
  1668 | D:2      | 1668 ||| READING scroll labelled CABA ZUISTOMO.
  1695 | D:3      | Reached XP level 4. HP: 37/37 MP: 4/4
  1709 | D:3      | Noticed Terence
  1722 | D:3      | HP: 7/37 [Terence/+0 flail (5)]
  1726 | D:3      | Slain by Terence

Levels and vault maps discovered:
D:1:      moated_graveyard_arrival, layout_basic, shapermc_ecumenical_altar_gd,
          grunt_decor_cap
D:2:      layout_rooms, basic_altar
D:3:      layout_loops_ring, nicolae_grassy_gnolls, uniq_natasha, uniq_terence

Skill      XL: |  1  2  3 |
---------------+----------+-----
Ranged Weapons | 3 4 |  4.3
Fighting       | 2 |  2.4
Dodging        | |  2.1
Spellcasting   | |  1.0
Hexes          | |  2.0

Action                     |  1- 3 |  4- 6 || total
---------------------------+-------+-------++-------
   Fire: Sling             |   126 |    17 ||   143
    Use: Scroll            |     3 |       ||     3
         Potion            |     1 |       ||     1
 Armour: Robe              |    18 |     2 ||    20
  Dodge: Dodged            |    33 |    12 ||    45

Table legend:
 A = Non-vault XP
 B = Vault XP
 C = Vault XP percentage of total XP
 D = Non-vault monster count
 E = Vault monster count
 F = Vault count percentage of total count
                 A         B        C        D         E       F
            +---------+---------+-------+---------+---------+-------
      Total |      99 |       0 |   0.0 |      40 |       0 |   0.0
            +---------+---------+-------+---------+---------+-------
        D:1 |      31 |       0 |   0.0 |      18 |       0 |   0.0
        D:2 |      51 |       0 |   0.0 |      20 |       0 |   0.0
        D:3 |      17 |       0 |   0.0 |       2 |       0 |   0.0
            +---------+---------+-------+---------+---------+-------
